 Dungeon Crawl Stone Soup version 0.21-a0-78-g82a99e0 (webtiles) character file.

16 xgamer67 the Grave Robber (level 2, 0/19 (20) HPs)
             Began as a Ghoul Necromancer on June 21, 2017.
             Slain by a jackal (2 damage)
             ... on level 1 of the Dungeon.
             The game lasted 00:02:39 (461 turns).

xgamer67 the Grave Robber (Ghoul Necromancer)        Turns: 461, Time: 00:02:40

HP:   0/19 (20)     AC:  2    Str: 11    XL:     2   Next: 58%
MP:   4/4           EV: 12    Int: 10    God:
Gold: 67            SH:  3    Dex:  9    Spells: 3/5 levels left

rFire    . . .     SeeInvis .     - Unarmed
rCold    + . .     Gourm    .   (no shield)
rNeg     + + +     Faith    .   a - +0 robe
rPois    ∞         Spirit   .   (no helmet)
rElec    .         Reflect  +   (no cloak)
rCorr    .         Harm     .   (no gloves)
MR       .....                  (no boots)
Stlth    ++........             i - +3 amulet of reflection
HPRegen  0.00/turn              (no ring)
MPRegen  0.09/turn              (no ring)

@: rotting
A: rotting body, claws 1, carnivore 3, cold resistance 1, negative energy
resistance 3, inhibited regeneration, torment resistance, unbreathing
a: no special abilities


You were on level 1 of the Dungeon.
You were not hungry.

You visited 1 branch of the dungeon, and saw 1 of its levels.

You collected 67 gold pieces.

Inventory:

Armour
 a - a +0 robe (worn)
Jewellery
 i - a +3 amulet of reflection (around neck)
Scrolls
 d - a scroll of identify {unknown}
 e - a scroll of noise {unknown}
 g - a scroll of random uselessness {unknown}
 h - a scroll of teleportation {unknown}
Potions
 j - a potion of heal wounds {unknown}
Books
 b - a book of Necromancy

   Spells                             Type                      Level
   a - Pain                           Necromancy                   1
   b - Animate Skeleton               Necromancy                   1
   c - Vampiric Draining              Necromancy                   3
   d - Regeneration                   Charms/Necromancy            3
   e - Animate Dead                   Necromancy                   4
   f - Control Undead                 Necromancy                   4
Comestibles
 c - a meat ration
 f - 7 chunks of flesh


   Skills:
 - Level 1.7 Dodging
 - Level 2.1 Stealth
 + Level 2.0 Unarmed Combat
 - Level 2.0 Spellcasting
 - Level 4.0 Necromancy


You had 3 spell levels left.
You knew the following spells:

 Your Spells              Type           Power        Failure   Level  Hunger
a - Pain                  Necr           #...         6%          1    ##.....
d - Animate Skeleton      Necr           N/A          6%          1    ##.....


Dungeon Overview and Level Annotations

Branches:
Dungeon (1/15)

Altars:


Innate Abilities, Weirdness & Mutations

Your body is rotting away.
You thrive on raw meat.
You are immune to poison.
You have sharp fingernails.
You are carnivorous and can eat meat at any time.
Your flesh is cold resistant. (rC+)
You are immune to negative energy. (rN+++)
You do not regenerate when monsters are visible.
You are immune to unholy pain and torment.
You can survive without breathing.


Message History

The jackal barely misses your jackal skeleton.
The jackal bites your jackal skeleton.
Your jackal skeleton is destroyed!
You feel your flesh rotting away.
You scratch the jackal.
You kill the jackal!
Your Unarmed Combat skill increases to level 2!
The jackal bites you.
* * * LOW HITPOINT WARNING * * *
You scratch the jackal but do no damage.
The jackal bites you but does no damage.
You closely miss the jackal. The jackal bites you.
* * * LOW HITPOINT WARNING * * *
The jackal closely misses you.
You barely miss the jackal.
The jackal bites you but does no damage.
You scratch the jackal.
The jackal is lightly wounded.
The jackal bites you.
You die...

# ##. #....
# ##.#.#
######
##....#####
......
##..†.......
######
##=..)...##
#
#.....†...#
#
##......?##
# ##h....##
# ##@...## .
#....## .
###...###
###.......#
#.........#
#.#.......#
#.###.......
#.#
#...###..
#Z# ##### ..


You could see a jackal.

Vanquished Creatures
  A goblin (D:1)
  A hobgoblin (D:1)
  4 jackals (D:1)
  3 kobolds (D:1)
  A bat (D:1)
  A frilled lizard (D:1)
  3 rats (D:1)
14 creatures vanquished.

Vanquished Creatures (collateral kills)
  A bat (D:1)
  A jackal (D:1)
2 creatures vanquished.

Grand Total: 16 creatures vanquished

Notes
Turn   | Place    | Note
-------+----------+-------------------------------------------
     0 | D:1      | xgamer67 the Ghoul Necromancer began the quest for the Orb.
     0 | D:1      | Reached XP level 1. HP: 14/14 MP: 2/2
     3 | D:1      | Learned a level 1 spell: Animate Skeleton
   182 | D:1      | Reached skill level 1 in Unarmed Combat
   253 | D:1      | Reached XP level 2. HP: 20/20 MP: 4/4
   461 | D:1      | Slain by a jackal

Vault maps used:
D:1:      ncdulo_watergridlock

Skill      XL: |  1  2 |
---------------+-------+-----
Unarmed Combat | 1 2 |  2.0
Spellcasting   | 2 |  2.0
Dodging        | |  1.7
Stealth        | |  2.1
Necromancy     | |  4.0

Action                   || total
-------------------------++-------
Melee: Unarmed           ||    61
 Cast: Animate Skeleton  ||     5
 Stab: Sleeping          ||     3
  Eat: Chunk             ||     5
Armor: Robe              ||    14
Dodge: Dodged            ||    48
Block: Other             ||     2
